 Dungeon Crawl Stone Soup version 0.28-a0-653-g7e9dba17c3 (webtiles) character file.

Game seed: 11845303833684046694

437 meatgazer the Cudgeller (level 7, -5/52 HPs)
             Began as a Gnoll Wanderer on Oct 11, 2021.
             Slain by a bog mummy (11 damage)
             ... in an ossuary.
             The game lasted 00:10:55 (5853 turns).

meatgazer the Cudgeller (Gnoll Wanderer)            Turns: 5853, Time: 00:10:56

Health: -5/52      AC:  8    Str: 13    XL:     7   Next: 1%
Magic:  19/19      EV: 15    Int: 16    God:
Gold:   891        SH:  0    Dex: 13    Spells: 10/10 levels left

rFire   + . .      SeeInvis .   l - +5 whip of Optimality {pain, Fragile rF+ MP+9}
rCold   . . .      Faith    .   (no shield)
rNeg    . . .      Spirit   .   b - +0 ring mail
rPois   .          Reflect  .   (no helmet)
rElec   .          Harm     .   (no cloak)
rCorr   .          Rampage  +   q - +2 pair of gloves of Jygugeo {-Tele Rampage Int+6 Stlth+}
Will    .....      NoTele   +   (no boots)
Stlth   ++........              r - amulet of magic regeneration
HPRegen 0.17/turn               i - +4 ring of slaying
MPRegen 0.41/turn               p - +4 ring of evasion

@: flying, slowed, very slow
A: fangs 1, strong nose, distributed training
a: no special abilities


You were in an ossuary.
You visited 1 branch of the dungeon, and saw 5 of its levels.
You also visited: Ossuary.

You collected 1497 gold pieces.
You spent 606 gold pieces at shops.

Inventory:

Hand Weapons
 a - a +4 mace
 l - the +5 whip of Optimality (weapon) {pain, Fragile rF+ MP+9}
   (You bought it in a shop on level 2 of the Dungeon)

   In the hands of one skilled in necromantic magic, it inflicts extra damage on
   living creatures.
   rF:        It protects you from fire.
   MP:        It affects your magic capacity (+9).
   Fragile:   It will be destroyed if unequipped.
Armour
 b - a +0 ring mail (worn)
 q - the +2 pair of gloves of Jygugeo (worn) {-Tele Rampage Int+6 Stlth+}
   (You bought it in a shop on level 4 of the Dungeon)

   Int:       It affects your intelligence (+6).
   -Tele:     It prevents most forms of teleportation.
   Rampage:   It bestows one free step when moving towards enemies.
   Stlth:     It makes you more stealthy.
Magical Staves
 d - a staff of poison
 g - a staff of earth
Jewellery
 i - a +4 ring of slaying (left hand)
 p - a +4 ring of evasion (right hand)
 r - an amulet of magic regeneration (around neck)
Wands
 n - a wand of iceblast (9)
Scrolls
 t - a scroll of teleportation
Potions
 e - a potion of lignification {unknown}
 f - a potion of mutation {unknown}
 h - a potion of magic
 j - a potion of brilliance {unknown}
 k - a potion of flight
 m - a potion of heal wounds {unknown}
 o - a potion of curing {unknown}
 u - a potion of berserk rage {unknown}
Miscellaneous
 c - a piece from Xom's chessboard (15/15) (quivered)


   Skills:
 + Level 3.4 Fighting
 + Level 5.1 Short Blades
 + Level 2.2 Long Blades
 + Level 2.2 Axes
 + Level 6.9 Maces & Flails
 + Level 2.2 Polearms
 + Level 2.2 Staves
 + Level 2.2 Slings
 + Level 2.2 Bows
 + Level 2.2 Crossbows
 + Level 2.2 Throwing
 + Level 3.4 Armour
 + Level 3.4 Dodging
 + Level 2.2 Stealth
 + Level 3.4 Shields
 + Level 2.2 Unarmed Combat
 + Level 2.2 Spellcasting
 + Level 1.7 Conjurations
 + Level 1.7 Hexes
 + Level 1.7 Summonings
 + Level 1.7 Necromancy
 + Level 1.7 Translocations
 + Level 1.7 Transmutations
 + Level 1.7 Fire Magic
 + Level 1.7 Ice Magic
 + Level 1.7 Air Magic
 + Level 1.7 Earth Magic
 + Level 1.7 Poison Magic
 + Level 2.4 Invocations
 + Level 3.4 Evocations


You had 10 spell levels left.
You didn't know any spells.
Your spell library contained the following spells:

 Spells                   Type           Power      Damage    Failure   Level
 Ensorcelled Hibernation  Hex/Ice        14%        N/A       30%         2
 Tukima's Dance           Hex            7%         N/A       52%         3
 Iskenderun's Battlesphe  Conj           7%         2d6       99%         5
 Iron Shot                Conj/Erth      3%         9d2       100%        6
 Spellforged Servitor     Conj/Summ      3%         N/A       100%        7


Dungeon Overview and Level Annotations

Branches:
Dungeon (5/15)            Ossuary (1/1)
 Temple: D:4-7

Altars:
Kikubaaqudgha
Vehumet

Shops:
D:2 [(   D:4 *


Innate Abilities, Weirdness & Mutations

You have very sharp teeth.
Your uncanny sense of smell can sniff out nearby items.
Your experience applies equally to all skills.


Message History

You whack the mummy!
You destroy the mummy!
You whack the bog mummy!
The bog mummy is severely damaged.
You hit the bog mummy.
The bog mummy is almost destroyed.
The bog mummy barely misses you.
You hit the bog mummy but do no damage.
The bog mummy is almost destroyed.
You rampage towards the mummy!
You hit the mummy.
The mummy is heavily damaged.
The mummy hits you!
You completely miss the bog mummy.
The bog mummy is almost destroyed.
The bog mummy barely misses you. The bog mummy misses you. The mummy hits you!
You whack the bog mummy!
You destroy the bog mummy!
The bog mummy barely misses you.
You hit the mummy.
The mummy is heavily damaged.
You rampage towards the bog mummy!
You hit the bog mummy.
The bog mummy is lightly damaged.
You whack the mummy!
You destroy the mummy!
The bog mummy hits you.
You have reached level 7!
You barely miss the bog mummy. The bog mummy hits you!
* * * LOW HITPOINT WARNING * * *
It was a potion of magic.
Magic courses through your body.
The bog mummy hits you but does no damage.
You hit the bog mummy.
The bog mummy is moderately damaged.
It was a potion of flight.
You feel very buoyant.
You fly up into the air.
You completely miss the bog mummy. You bite the bog mummy.
The bog mummy is heavily damaged.
A bullfrog zombie comes into view.
The bog mummy hits you!
You die...

#≈≈ ≈≈# #≈≈≈
#≈≈≈ #.#. #
≈#≈#.≈.#+#'#
.≈..≈≈≈Z≈..+
+##'##M##.#
∆∆∆ #M@.# '.
∆∆∆ #.∩.# ##
∆∆∆ #∩..#
##### ∆∆∆
∆∆∆ ∆∆∆


You could see 2 bog mummies and a bullfrog zombie (wandering).

Vanquished Creatures
  A centaur (D:5)
  A centaur zombie (D:4)
  A hound (D:5)
  2 orc wizards (D:3)
  4 mummies (Ossuary)
  A howler monkey skeleton (D:4)
  6 adders
  2 worms (D:2)
  3 dart slugs
  5 orcs
  6 ball pythons
  8 endoplasms
  A giant cockroach (D:2)
  6 goblins
  7 hobgoblins
  12 jackals
  5 quokkas
  6 bats
  11 frilled lizards
  9 kobolds
  5 rats
102 creatures vanquished.

Vanquished Creatures (others)
  A butterfly (D:5)
  9 plants (D:3)
  A withered plant (Ossuary)
11 creatures vanquished.

Grand Total: 113 creatures vanquished

Notes
Turn   | Place    | Note
-------+----------+-------------------------------------------
     0 | D:1      | meatgazer the Gnoll Wanderer began the quest for the Orb.
     0 | D:1      | meatgazer set off with the following items: a +2 mace, a +0
                  | ring mail, a piece from Xom's chessboard (15/15)
     0 | D:1      | Reached XP level 1. HP: 17/17 MP: 1/1
   144 | D:1      | Reached XP level 2. HP: 15/23 MP: 2/2
   766 | D:1      | Reached XP level 3. HP: 24/28 MP: 3/3
  1248 | D:2      | Reached skill level 1 in Invocations
  1279 | D:2      | Reached skill level 1 in Long Blades
  1279 | D:2      | Reached skill level 1 in Axes
  1279 | D:2      | Reached skill level 1 in Polearms
  1279 | D:2      | Reached skill level 1 in Staves
  1279 | D:2      | Reached skill level 1 in Slings
  1279 | D:2      | Reached skill level 1 in Bows
  1279 | D:2      | Reached skill level 1 in Crossbows
  1279 | D:2      | Reached skill level 1 in Throwing
  1279 | D:2      | Reached skill level 1 in Stealth
  1279 | D:2      | Reached skill level 1 in Unarmed Combat
  1279 | D:2      | Reached skill level 1 in Spellcasting
  1279 | D:2      | Reached XP level 4. HP: 17/34 MP: 5/5
  1491 | D:2      | Found a radiant altar of Vehumet.
  1693 | D:2      | Found Awnol's Antique Weapon Shop.
  1781 | D:2      | Found a faded altar of an unknown god.
  2085 | D:2      | Found Zois's Armour Boutique.
  2246 | D:3      | Reached skill level 1 in Conjurations
  2246 | D:3      | Reached skill level 1 in Hexes
  2246 | D:3      | Reached skill level 1 in Summonings
  2246 | D:3      | Reached skill level 1 in Necromancy
  2246 | D:3      | Reached skill level 1 in Translocations
  2246 | D:3      | Reached skill level 1 in Transmutations
  2246 | D:3      | Reached skill level 1 in Fire Magic
  2246 | D:3      | Reached skill level 1 in Ice Magic
  2246 | D:3      | Reached skill level 1 in Air Magic
  2246 | D:3      | Reached skill level 1 in Earth Magic
  2246 | D:3      | Reached skill level 1 in Poison Magic
  2671 | D:3      | Reached XP level 5. HP: 24/40 MP: 6/6
  3632 | D:2      | Bought an encrusted whip for 157 gold pieces
  3632 | D:2      | Identified the +5 whip of Optimality {pain, Fragile rF+
                  | MP+9} (You bought it in a shop on level 2 of the Dungeon)
  3969 | D:4      | Found Faliezel's Assorted Antiques.
  3981 | D:4      | Reached XP level 6. HP: 39/47 MP: 8/8
  4262 | D:4      | Found an ancient bone altar of Kikubaaqudgha.
  5313 | D:4      | Identified 2 scrolls of acquirement
  5313 | D:4      | Acquired 1221 gold pieces
  5315 | D:4      | Acquired a +4 ring of evasion
  5451 | D:4      | Bought a pair of twisted gloves for 294 gold pieces
  5451 | D:4      | Identified the +2 pair of gloves of Jygugeo {-Tele Rampage
                  | Int+6 Stlth+} (You bought it in a shop on level 4 of the
                  | Dungeon)
  5451 | D:4      | Bought a dented cameo amulet for 155 gold pieces
  5464 | D:5      | Entered Level 5 of the Dungeon
  5516 | D:5      | Reached skill level 5 in Short Blades
  5807 | D:5      | Found a sand-covered staircase.
  5817 | Ossuary  | Entered an ossuary
  5848 | Ossuary  | Reached XP level 7. HP: 21/52 MP: 10/10
  5853 | Ossuary  | Slain by a bog mummy

Illustrated notes

Levels and vault maps discovered:
D:1:      scummos_arrival_gate, layout_loops_ring
D:2:      minmay_chambers_of_ones, layout_rooms, basic_altar, serial_shops,
          shop, shop_statue, ebering_ecumenical_altar_ruins, minmay_tromino_v2
D:3:      layout_loops_cross, minmay_lizard_king
D:4:      layout_layer_cave, mainiacjoe_overflow_chevrons, serial_shops,
          nicolae_stop_n_shop_2
D:5:      layout_loops_ring, nicolae_elyvilon_peaceful_grove,
          minmay_temple_entry_glassed_door, nicolae_ossuary_entry_ruins
Ossuary:  ossuary_zaba_flooded

Skill      XL: |  1  2  3  4  5  6 |
---------------+-------------------+-----
Invocations    | 1 2 |  2.4
Long Blades    | 1 2 |  2.2
Axes           | 1 2 |  2.2
Polearms       | 1 2 |  2.2
Staves         | 1 2 |  2.2
Slings         | 1 2 |  2.2
Bows           | 1 2 |  2.2
Crossbows      | 1 2 |  2.2
Throwing       | 1 2 |  2.2
Stealth        | 1 2 |  2.2
Unarmed Combat | 1 2 |  2.2
Spellcasting   | 1 2 |  2.2
Conjurations   | 1 |  1.7
Hexes          | 1 |  1.7
Summonings     | 1 |  1.7
Necromancy     | 1 |  1.7
Translocations | 1 |  1.7
Transmutations | 1 |  1.7
Fire Magic     | 1 |  1.7
Ice Magic      | 1 |  1.7
Air Magic      | 1 |  1.7
Earth Magic    | 1 |  1.7
Poison Magic   | 1 |  1.7
Fighting       | 3 |  3.4
Armour         | 3 |  3.4
Dodging        | 3 |  3.4
Shields        | 3 |  3.4
Evocations     | 3 |  3.4
Short Blades   | 5 |  5.1
Maces & Flails | |  6.9

Action                   |  1- 3 |  4- 6 |  7- 9 || total
-------------------------+-------+-------+-------++-------
Melee: Mace              |   110 |   111 |       ||   221
       Bite              |    10 |    19 |     1 ||    30
       Punch             |       |     2 |       ||     2
       Whip              |       |    70 |     3 ||    73
  Use: Scroll            |     2 |     7 |       ||     9
       Potion            |       |       |     2 ||     2
 Stab: Sleeping          |       |     2 |       ||     2
Armor: Ring mail         |    40 |    57 |     1 ||    98
Dodge: Dodged            |    68 |    90 |       ||   158

Table legend: (Time is in decaauts)
 A = Elapsed time spent in this place.
 B = Non-inter-level travel time spent in this place.
 C = Inter-level travel time spent in this place.
 D = Time resting spent in this place.
 E = Time spent auto-exploring this place.
 F = Levels seen in this place.
 G = Mean time per level.
                   A        B        C        D        E       F      G
               +--------+--------+--------+--------+--------+-----+--------+
         Total |   5860 |   5406 |    454 |   1051 |   3658 |   6 |  976.7 |
       Dungeon |   5820 |   5366 |    454 |   1051 |   3656 |   5 | 1164.0 |
       Ossuary |     39 |     39 |      0 |      0 |      2 |   1 |   39.0 |
               +--------+--------+--------+--------+--------+-----+--------+

Top non-repeatable levels by time:
     D:4: 1487 daAuts
     D:3: 1455 daAuts
     D:2: 1299 daAuts
     D:1: 1228 daAuts
     D:5: 349 daAuts
 Ossuary: 39 daAuts
